 Dungeon Crawl Stone Soup version 0.21.1-1-g345015f (webtiles) character file.

57 inc the Conjurer (level 4, 0/27 HPs)
             Began as an Octopode Wizard on Apr 28, 2018.
             Slain by a hobgoblin (5 damage)
             ... on level 2 of the Dungeon.
             The game lasted 00:01:49 (1646 turns).

inc the Conjurer (Octopode Wizard)                  Turns: 1646, Time: 00:01:49

Health: 0/27       AC:  1    Str:  6    XL:     4   Next: 0%
Magic:  1/8        EV: 13    Int: 21    God:
Gold:   56         SH:  0    Dex: 10    Spells: 8/9 levels left

rFire    . . .     SeeInvis .   l - -2 dagger (curse)
rCold    . . .     Gourm    .   (no shield)
rNeg     + . .     Faith    .   a - +0 hat
rPois    .         Spirit   .   (no amulet)
rElec    .         Reflect  .   h - ring of positive energy
rCorr    .         Harm     .   (no ring)
MR       .....                  (no ring)
Stlth    +++.......             (no ring)
HPRegen  0.09/turn              (no ring)
MPRegen  0.11/turn              (no ring)
                                (no ring)
                                (no ring)

@: no status effects
A: almost no armour, stealthy swim, amphibious, 8 rings, constrict 8, camouflage
1, gelatinous body 1
a: no special abilities


You were on level 2 of the Dungeon.
You were not hungry.

You visited 1 branch of the dungeon, and saw 2 of its levels.

You collected 56 gold pieces.

Inventory:

Hand Weapons
 d - a +0 short sword
 l - a cursed -2 dagger (weapon)
Armour
 a - a +0 hat (worn)
Jewellery
 h - a ring of positive energy (left tentacle)
Wands
 j - a wand of acid (9)
Scrolls
 g - a scroll of identify
Potions
 e - a potion of agility {unknown}
 f - a potion of ambrosia {unknown}
 i - a potion of resistance
 k - a potion of heal wounds {unknown}
Books
 b - a book of Minor Magic

   Spells                             Type                      Level
   a - Magic Dart                     Conjuration                  1
   b - Blink                          Translocation                2
   c - Call Imp                       Summoning                    2
   d - Slow                           Hexes                        2
   e - Conjure Flame                  Conjuration/Fire             3
   f - Mephitic Cloud                 Conjuration/Poison/Air       3
Comestibles
 c - 3 rations


   Skills:
 - Level 2.0 Dodging
 - Level 2.6 Stealth
 - Level 3.0 Spellcasting
 + Level 3.7 Conjurations
   Level 1.0 Summonings
   Level 1.0 Translocations


You had 8 spell levels left.
You knew the following spells:

 Your Spells              Type           Power        Failure   Level  Hunger
a - Magic Dart            Conj           ###.         3%          1    None


Dungeon Overview and Level Annotations

Branches:
Dungeon (2/15)

Altars:


Innate Abilities, Weirdness & Mutations

You cannot wear most types of armour.
You are very stealthy in the water. (Stealth+)
You are amphibious.
You can wear up to eight rings at the same time.
You can use your tentacles to constrict eight enemies at once.
Your skin changes colour to match your surroundings (Stealth+).
Your rubbery body absorbs attacks. (AC +1, EV +1)


Message History

Confirm with . or Enter, or press ? or * to list all spells.
You don't have enough magic to cast that spell.
Unknown command.
You completely miss the hobgoblin. Your grab misses the hobgoblin.
The hobgoblin barely misses you.
You hit the hobgoblin but do no damage. You grab the hobgoblin.
You constrict the hobgoblin, but do no damage.
The hobgoblin barely misses you.
You hit the hobgoblin.
The hobgoblin is heavily wounded.
You constrict the hobgoblin. The hobgoblin barely misses you.
You hit the hobgoblin but do no damage.
The hobgoblin is severely wounded.
You constrict the hobgoblin. The hobgoblin closely misses you.
You hit the hobgoblin but do no damage.
You squeeze the hobgoblin, but do no damage.
The hobgoblin is almost dead.
You constrict the hobgoblin, but do no damage.
The hobgoblin hits you.
You die...

≈.# ..# #.. .≈.# ..##
#####≈..####### ...g
.....#.... ... .$# .........
... ...# ....>#
#.#########...##. ..<..#
#.#..@grgg......?
.#.###.#####.#.#####........
.#.# #.........####.###....#
.#.# #..............# ...#
.#.####.##.########.. ..
.....##.##.# #. .....##.##.#
## #.#..##.##.###
#.#..##......#


You could see a hobgoblin, 2 goblins and a rat.

Vanquished Creatures
  2 adders (D:2)
  A dart slug (D:1)
  2 leopard geckos (D:1)
  3 bats
  7 goblins
  3 hobgoblins
  7 jackals
  A kobold (D:2)
  A ball python (D:1)
  3 frilled lizards
  5 rats (D:1)
35 creatures vanquished.

Notes
Turn   | Place    | Note
-------+----------+-------------------------------------------
     0 | D:1      | inc the Octopode Wizard began the quest for the Orb.
     0 | D:1      | Reached XP level 1. HP: 11/11 MP: 4/4
   588 | D:1      | Reached XP level 2. HP: 17/17 MP: 4/6
  1085 | D:1      | Reached XP level 3. HP: 21/21 MP: 3/7
  1641 | D:2      | Reached XP level 4. HP: 4/27 MP: 0/8
  1646 | D:2      | Slain by a hobgoblin

Skill      XL: |  1  2  3 |
---------------+----------+-----
Conjurations   | 2 3 |  3.7
Dodging        | |  2.0
Stealth        | |  2.6
Spellcasting   | |  3.0
Summonings     | |  1.0
Translocations | |  1.0

Action                   |  1- 3 |  4- 6 || total
-------------------------+-------+-------++-------
Melee: Unarmed           |     8 |       ||     8
       Constrict         |     7 |     1 ||     8
       Short sword       |     4 |       ||     4
       Dagger            |    21 |     5 ||    26
       Tentacles         |     1 |     1 ||     2
 Cast: Magic Dart        |    72 |       ||    72
  Use: Scroll            |     1 |       ||     1
  Eat: Chunk             |     2 |       ||     2
Armor: Skin              |     5 |       ||     5
Dodge: Dodged            |    39 |     4 ||    43
